 Dungeon Crawl Stone Soup version 0.32-a0-558-g233958a4c4 (webtiles) character file.

Game seed: 9947027769527025343

144 Dirtsage the Chopper (level 5, 0/38 HPs)
             Began as a Coglin Gladiator on Feb 29, 2024.
             Slain by a gnoll
             ... wielding a +0 halberd
              (5 damage)
             ... on level 2 of the Dungeon.
             The game lasted 00:02:10 (1536 turns).

Dirtsage the Chopper (Coglin Gladiator)             Turns: 1536, Time: 00:02:11

Health: 0/38       AC: 14    Str: 16    XL:     5   Next: 26%
Magic:  5/5        EV:  5    Int:  8    God:
Gold:   98         SH:  0    Dex: 15    Spells: 4/4 levels left

rFire   . . .        a - +0 war axe {Mishil}
rCold   . . .        s - +0 short sword (venom) {Armando}
rNeg    . . .        k - +0 plate armour
rPois   .            c - +0 helmet
rElec   .            (no cloak)
rCorr   .            (no gloves)
SInv    .            g - +2 pair of boots
Will    .....        (amulet unavailable) Stlth
                     (ring unavailable)
HPRegen 0.26/turn    (ring unavailable)
MPRegen 0.09/turn    (no gizmo)

%: no passive effects
@: revving
A: off-hand wielding, slow wielding, warmup strikes, no jewelry
a: Invent Gizmo


You were on level 2 of the Dungeon.
You visited 1 branch of the dungeon, and saw 4 of its levels.

You collected 98 gold pieces.

Inventory:

Hand Weapons
 a - a +0 war axe (weapon) {Mishil}
 s - a +0 short sword of venom (offhand) {Armando}
Missiles
 d - 3 throwing nets (quivered)
 e - a javelin
Armour
 b - a +0 leather armour
 c - a +0 helmet (worn)
 g - a +2 pair of boots (worn)
 k - a +0 plate armour (worn)
Scrolls
 f - 3 scrolls of teleportation {unknown}
 h - a scroll of silence {unknown}
 i - a scroll of enchant weapon {unknown}
 n - a scroll of acquirement {unknown}
 o - a scroll of enchant armour {unknown}
 p - a scroll of identify {unknown}
 u - a scroll of vulnerability {unknown}
Potions
 j - a potion of berserk rage {unknown}
 l - a potion of haste {unknown}
 m - a potion of heal wounds {unknown}
 q - a potion of curing
 r - a potion of resistance {unknown}
 t - 2 potions of attraction {unknown}


   Skills:
 - Level 2.0 Fighting
 + Level 5.8 Axes
 - Level 1.7 Throwing
 - Level 2.6 Dodging


You had 4 spell levels left.
You didn't know any spells.
Your spell library contained the following spells:

 Spells                   Type           Power      Damage    Failure   Level
 Slow                     Hex            0%         N/A       100%        1
 Confusing Touch          Hex            0%         N/A       100%        3
 Sigil of Binding         Hex            0%         N/A       100%        3
 Vampiric Draining        Necr           0%         2d6       100%        3


Dungeon Overview and Level Annotations

Branches:
Dungeon (4/15)
 Temple: D:4-7

Altars:


Innate Abilities, Weirdness & Mutations

You can wield a second weapon in your off-hand.
It takes a long time for you to wield or remove held weapons.
Your first few attacks do less damage.
You cannot equip rings or amulets.


Message History

You swing at nothing.
You swing at nothing.
You swing at nothing.
The gnoll hits you from afar with a +0 spear.
You take 1 damage, and have 37/38 hp.
The gnoll barely misses you. The gnoll hits you but does no damage.
Health restored: 38 You hit the gnoll with your +0 war axe.
The gnoll is moderately wounded.
You hit the gnoll with your +0 short sword of venom.
The gnoll is poisoned.
The gnoll hits you from afar with a +0 halberd!
The gnoll hits you but does no damage.
You take 11 damage, and have 27/38 hp.
MASSIVE DAMAGE!!
You hit the gnoll with your +0 short sword of venom.
The gnoll is poisoned.
The gnoll is lightly wounded.
You slash the gnoll with your +0 war axe!
You barely miss the gnoll with your +0 war axe.
The gnoll hits you with a +0 halberd. The gnoll closely misses you.
The gnoll hits you from afar with a +0 halberd!
The gnoll hits you from afar with a +0 spear.
* * * LOW HITPOINT WARNING * * *
You take 16 damage, and have 11/38 hp.
MASSIVE DAMAGE!!
You hit the gnoll with your +0 short sword of venom.
You kill the gnoll!
You slash the gnoll with your +0 war axe!
You kill the gnoll!
The gnoll hits you but does no damage.
The gnoll hits you from afar with a +0 spear!
* * * LOW HITPOINT WARNING * * *
You take 6 damage, and have 5/38 hp.
The gnoll attacks as it pursues you! The gnoll hits you but does no damage.
The gnoll attacks as it pursues you!
The gnoll hits you from afar with a +0 halberd.
* * * LOW HITPOINT WARNING * * *
You take 1 damage, and have 4/38 hp.
The gnoll attacks as it pursues you!
The gnoll hits you from afar with a +0 halberd.
You die...

#..............###'### ......
##.##.##........#.....# ......
...##.##........#.....####......
.####.##........#.....#.g.# .#
#......#+####.....#g#.# ##
######.# #.....#.#g# ### #.#
#.....#g#.# ..## ####.....#.#gg
...# #..@.g.g)).#g. ...#
#.######.#.#... ...# # #.###...
...# #.# ..... ...# #.# ...# #.#
...# #.# ... +### #.# #..### #.#
.....


You could see 2 gnolls.

Vanquished Creatures
  Terence (D:3)
  5 adders
  2 gnolls (D:2)
  2 dart slugs (D:1)
  An orc (D:4)
  A bat (D:1)
  5 endoplasms
  A giant cockroach (D:2)
  2 goblins
  5 hobgoblins
  4 jackals (D:1)
  2 kobolds (D:2)
  2 quokkas
  7 ball pythons
  4 frilled lizards
  6 rats
50 creatures vanquished.

Notes
Turn   | Place    | Note
-------+----------+-------------------------------------------
     0 | D:1      | Dirtsage the Coglin Gladiator began the quest for the Orb.
     0 | D:1      | Reached XP level 1. HP: 16/16 MP: 1/1
    90 | D:1      | Reached XP level 2. HP: 22/22 MP: 2/2
   296 | D:1      | Reached skill level 4 in Axes
   378 | D:1      | Reached XP level 3. HP: 27/27 MP: 3/3
   774 | D:2      | You fall into a shaft and drop 2 floors!
   886 | D:4      | Reached XP level 4. HP: 33/33 MP: 4/4
  1190 | D:3      | Noticed Terence
  1201 | D:3      | Killed Terence
  1202 | D:3      | Reached skill level 5 in Axes
  1430 | D:2      | Reached XP level 5. HP: 34/38 MP: 5/5
  1536 | D:2      | Slain by a gnoll

Illustrated notes

Levels and vault maps discovered:
D:1:      dpeg_arrival_rooms_a, layout_basic
D:2:      layout_basic, minmay_distorted
D:3:      layout_rooms, serial_bayou_pond_c, minmay_misc_feat_hallway,
          uniq_terence, uniq_grinder
D:4:      layout_loops_corners

Skill      XL: |  1  2  3  4 |
---------------+-------------+-----
Axes           | 4 5 |  5.8
Fighting       | |  2.0
Throwing       | |  1.7
Dodging        | |  2.6

Action                     |  1- 3 |  4- 6 || total
---------------------------+-------+-------++-------
  Melee: War axe           |    91 |    31 ||   122
         Short sword       |       |    20 ||    20
    Use: Potion            |       |     1 ||     1
   Stab: Sleeping          |     1 |       ||     1
 Armour: Leather armour    |    43 |       ||    43
         Plate armour      |    33 |    33 ||    66
  Dodge: Dodged            |    71 |    14 ||    85

Table legend: (Time is in decaauts)
 A = Elapsed time spent in this place.
 B = Non-inter-level travel time spent in this place.
 C = Inter-level travel time spent in this place.
 D = Time resting spent in this place.
 E = Time spent auto-exploring this place.
 F = Levels seen in this place.
 G = Mean time per level.
                   A        B        C        D        E       F      G
               +--------+--------+--------+--------+--------+-----+--------+
         Total |   1568 |   1518 |     50 |      0 |   1193 |   4 |  392.0 |
       Dungeon |   1568 |   1518 |     50 |      0 |   1193 |   4 |  392.0 |
               +--------+--------+--------+--------+--------+-----+--------+

Top non-repeatable levels by time:
     D:1: 671 daAuts
     D:4: 421 daAuts
     D:2: 327 daAuts
     D:3: 147 daAuts
